AoeStats
← Trentino

Arabia

509069067Analyzed
1v1 RM · 8d ago on Sep 25, 2026· 29m 45s· 2 players
Game mode
Random Map
Map size
Tiny (2 player)
Population
200
Speed
Normal
Resources
Standard
Victory
Conquest
Starting age
Dark Age
Ending age
Imperial Age
RankedLock teamsTeams togetherTeam positionsShared explorationLock speedFull tech treeHidden civsTurbo modeCheats
Victory
Defeat
🇯🇵 Japanese · Japan
727
+17
🇦🇷 Bohemians · Argentina
751
-17
スサノオ
1:04 Loom
9:41 Feudal Age
10:06 Town Watch
10:17 Horse Collar
13:04 Bloodlines
18:42 Wheelbarrow
22:37 Castle Age
23:12 Forging
23:07 Scale Barding Armor
22:43 Light Cavalry
23:47 Husbandry
29:10 Heavy Plow
Trentino
8:43 Loom
10:50 Feudal Age
16:34 Castle Age
Connection lost

Rejoining the realm…

Still unreachable

The connection could not be restored.

Session expired

The server has moved on; the page needs a fresh start.